 Dungeon Crawl Stone Soup version 0.23.2-1-ga50397a6bc (webtiles) character file.

Game seed: 6143494281991048314

190912 Peloso the Hoplite (level 17, -8/158 HPs)
             Began as a Minotaur Fighter on May 19, 2019.
             Was the Champion of Okawaru.
             Killed from afar by a nagaraja (16 damage)
             ... with an orb of energy
             ... on level 2 of the Snake Pit.
             The game lasted 02:07:11 (40978 turns).

Peloso the Hoplite (Minotaur Fighter)              Turns: 40978, Time: 02:07:12

Health: -8/158     AC: 27    Str: 33    XL:     17   Next: 56%
Magic:  18/18      EV: 13    Int:  7    God:    Okawaru [******]
Gold:   1501       SH: 27    Dex: 13    Spells: 16/16 levels left

rFire    + . .     SeeInvis .   a - +6 double sword (flame)
rCold    . . .     Gourm    .   c - +2 shield {reflect}
rNeg     . . .     Faith    .   X - +1 chain mail of Coqer {rElec rPois Regen+ Str+7}
rPois    +         Spirit   .   V - +2 hat
rElec    +         Reflect  +   U - +0 cloak {rF+}
rCorr    +         Harm     .   H - +0 pair of gloves
MR       ++...                  B - +0 pair of boots of Okawaru's Supremacy {rPois rCorr Str-2}
Stlth    ..........             i - +4 amulet of reflection
HPRegen  0.76/turn              R - +5 ring of protection
MPRegen  0.16/turn              v - +3 ring of strength

@: no status effects
A: retaliatory headbutt, horns 2, large bone plates 1, clever 1, magic
resistance 1, shaggy fur 1
}: 1/15 runes: decaying
a: Heroism, Finesse, Renounce Religion


You were on level 2 of the Snake Pit.
You worshipped Okawaru.
Okawaru was exalted by your worship.
You were very hungry.

You visited 6 branches of the dungeon, and saw 30 of its levels.
You also visited: Ossuary, Bailey and Volcano.

You collected 3290 gold pieces.
You spent 1789 gold pieces at shops.

Inventory:

Hand Weapons
 a - a +6 double sword of flaming (weapon)
 b - the +9 scimitar of Slow Death {venom, +Inv rF++ Str+4}
   (Okawaru gifted it to you on level 13 of the Dungeon)

   It poisons the flesh of those it strikes.
   It affects your strength (+4).
   It greatly protects you from fire.
   It lets you turn invisible.
 e - the +9 scimitar of Truth {antimagic, rF+ Str+2}
   (Okawaru gifted it to you on level 2 of the Swamp)

   It reduces the magical energy of the wielder, and disrupts the spells and
   magical abilities of those hit.
   Natural abilities and divine invocations are not affected.
   It affects your strength (+2).
   It protects you from fire.
 J - the +5 mace "Hydra's Bane" {flame, rC- Int+5 Dex+2, unknown}
   (You found it on level 4 of the Swamp)

   It has been specially enchanted to burn those struck by it, causing extra
   injury to most foes and up to half again as much damage against particularly
   susceptible opponents.
   It affects your intelligence (+5).
   It affects your dexterity (+2).
   It makes you vulnerable to cold.
 M - the +7 war axe "Mapar" {drain, rElec, unknown}
   (Okawaru gifted it to you on level 4 of the Swamp)

   A truly terrible weapon, it drains the life of those it strikes.
   It insulates you from electricity.
 N - the +6 falchion of Heujuett {distort, rPois rN+ Dex+2}
   (Okawaru gifted it to you on level 1 of the Snake Pit)

   It warps and distorts space around it.
   Unwielding it can cause banishment or high damage.
   It affects your dexterity (+2).
   It protects you from poison.
   It protects you from negative energy.
Armour
 c - a +2 shield of reflection (worn)
 m - +0 swamp dragon scales
 y - a +0 plate armour
 B - the +0 pair of boots of Okawaru's Supremacy (worn) {rPois rCorr Str-2}
   (Okawaru gifted it to you on level 3 of the Lair of Beasts)

   It affects your strength (-2).
   It protects you from poison.
   It provides partial protection from all sources of acid and corrosion.
 H - a +0 pair of gloves (worn)
 U - a +0 cloak of fire resistance (worn)
 V - a +2 hat (worn)
 X - the +1 chain mail of Coqer (worn) {rElec rPois Regen+ Str+7}
   (You found it on level 1 of the Snake Pit)

   It affects your strength (+7).
   It insulates you from electricity.
   It protects you from poison.
   It increases your rate of regeneration.
Jewellery
 i - a +4 amulet of reflection (around neck)
 k - an uncursed ring of ice
 l - an uncursed ring of protection from magic
 v - a +3 ring of strength (right hand)
 z - an uncursed ring of protection from magic
 E - an uncursed ring of positive energy
 I - an uncursed ring of ice
 K - an uncursed ring of poison resistance
 O - an uncursed ring of protection from magic
 R - a +5 ring of protection (left hand)
Wands
 r - a wand of random effects (15)
 u - a wand of clouds (6)
 L - a wand of flame (14)
Scrolls
 q - 14 scrolls of teleportation
 s - 5 scrolls of remove curse
 t - 4 scrolls of fog
 w - a scroll of holy word
 A - a scroll of enchant armour
 C - a scroll of summoning
 G - a scroll of enchant weapon
 S - 7 scrolls of identify
 T - 5 scrolls of blinking
Potions
 d - a potion of might
 g - 4 potions of flight
 h - 5 potions of heal wounds
 j - 2 potions of magic
 n - 2 potions of curing
 o - 6 potions of haste
 p - a potion of resistance
 D - 5 potions of agility
 P - a potion of invisibility
 Q - a potion of mutation
 W - 6 potions of berserk rage
Miscellaneous
 x - a fan of gales
Comestibles
 f - 30 rations


   Skills:
 + Level 16.1 Fighting
 + Level 17.8 Long Blades
 + Level 16.0 Armour
 + Level 7.1 Dodging
 + Level 2.3 Stealth
 + Level 21.2 Shields
 + Level 2.6 Invocations
 + Level 2.6 Evocations


You had 16 spell levels left.
You didn't know any spells.
Your spell library contained the following spells:

 Spells                   Type           Power        Failure   Level  Hunger
 Corona                   Hex            #......      78%         1    ##.....
 Flame Tongue             Conj/Fire      #....        78%         1    ##.....
 Infusion                 Chrm           #...         78%         1    ##.....
 Magic Dart               Conj           #...         78%         1    ##.....
 Shock                    Conj/Air       #...         78%         1    ##.....
 Sting                    Conj/Pois      #...         78%         1    ##.....
 Blink                    Tloc           N/A          89%         2    ###....
 Call Imp                 Summ           #.......     89%         2    ###....
 Ensorcelled Hibernation  Hex/Ice        #.....       89%         2    ###....
 Poisonous Vapours        Pois/Air       #.....       89%         2    ###....
 Shroud of Golubria       Chrm/Tloc      #.........   89%         2    ###....
 Slow                     Hex            #.......     89%         2    ###....
 Song of Slaying          Chrm           #.......     89%         2    ###....
 Swiftness                Chrm/Air       #.......     89%         2    ###....
 Throw Flame              Conj/Fire      #.....       89%         2    ###....
 Confuse                  Hex            #.......     98%         3    ####...
 Conjure Flame            Conj/Fire      #.......     98%         3    ####...
 Dazzling Spray           Conj/Hex       #.....       98%         3    ####...
 Inner Flame              Hex/Fire       #.......     98%         3    ####...
 Mephitic Cloud           Conj/Pois/Air  #.......     98%         3    ####...
 Regeneration             Chrm/Necr      #.........   98%         3    ####...
 Spectral Weapon          Hex/Chrm       #.......     98%         3    ####...
 Static Discharge         Conj/Air       #.......     98%         3    ####...
 Tukima's Dance           Hex            #.......     98%         3    ####...
 Airstrike                Air            #.........   100%        4    #####..
 Olgreb's Toxic Radiance  Pois           #.......     100%        4    #####..
 Sticky Flame             Conj/Fire      #.......     100%        4    #####..
 Bolt of Magma            Conj/Fire/Erth #.........   100%        5    ######.
 Fireball                 Conj/Fire      #.........   100%        5    ######.
 Iskenderun's Battlesphe  Conj/Chrm      #.......     100%        5    ######.
 Lightning Bolt           Conj/Air       #.........   100%        5    ######.
 Venom Bolt               Conj/Pois      #.........   100%        5    ######.
 Iron Shot                Conj/Erth      #.........   100%        6    #######
 Orb of Destruction       Conj           #.........   100%        7    #######
 Spellforged Servitor     Conj/Summ      #.........   100%        7    #######


Dungeon Overview and Level Annotations

Branches:
Dungeon (15/15)            Temple (1/1) D:6            Lair (6/6) D:8
  Swamp (4/4) Lair:2        Snake (2/4) Lair:3        Slime (0/5) Lair:6
    Orc (2/2) D:11            Elf (0/3) Orc:2        Vaults (0/5) D:13
 Depths (0/5) D:15

Altars:
Ashenzari
Cheibriados
Dithmenos
Elyvilon
Fedhas
Gozag
Hepliaklqana
Kikubaaqudgha
Makhleb
Nemelex Xobeh
Okawaru
Qazlal
Ru
Sif Muna
Trog
Uskayaw
Vehumet
Wu Jian
Xom
Yredelemnul
Zin
The Shining One

Shops:
D:13 ?   Orc:2 %}[?=   Snake:1 }!*=

Annotations:
D:7 1 runed translucent door, exclusion: 3 orange crystal statues


Innate Abilities, Weirdness & Mutations

You reflexively headbutt those who attack you in melee.
You have a pair of horns on your head.
You are partially covered in large bone plates. (SH +4)
Your mind is acute. (Int +2)
You are resistant to hostile enchantments. (MR+)
You are covered in fur. (AC +1)


Message History

Your headbutt misses the nagaraja.
The nagaraja is almost dead.
You feel sick. You block the nagaraja's attack.
The nagaraja hits you but does no damage.
* * * LOW HITPOINT WARNING * * *
The nagaraja constricts you. The nagaraja casts a spell at you.
The bolt of poison hits you but does no damage.
You resist.
You cut the nagaraja into ribbons!!! You burn the nagaraja.
You kill the nagaraja!
Okawaru is honoured by your kill.
Your Armour skill increases to level 16!
You feel sick. You block the nagaraja's attack.
The nagaraja hits you from afar with a +0 halberd!!
* * * LOW HITPOINT WARNING * * *
You feel better.
The nagaraja gestures at you while chanting.
The orb of energy hits you!
You die...

*****,*,,,,,,*,,,,,,***,* ****#
,,,,,,***...##*...,,,,#.#########
*******,,.....##.#,*,,#..........
**,,,*,,,...(..#.#,**##..........
***,,*,,,......#.#,,,,...........
* *,,,,,,>.>.....#*****#........)
* *,,,,,,.....N..# #........> *
*,,,,,,>.>N(N†)# #.....(...
***,,*,,,,,,,,N#@### #.........
*,,,,*,,,,,,,,,#...#####.........
*,*,***,,,,,,,*###...............
*,*,* ***,,,*** #(.<..........##
*,*,***,,,,** #.............##
,,,,,,,,**,* #.............#*
,,,,,,,,**,* #........)....#*
,,,,,,,,**,* #.............#*
,,,,,,,,**,* #.............#*


You could see 2 nagarajas and a naga sharpshooter.

Vanquished Creatures
  Mara (Swamp:2)
  the Lernaean hydra (Swamp:4)
  Frances (D:14)
  Gastronok (D:10)
  3 thorn hunters
  Donald (Swamp:1)
  2 nagarajas (Snake:2)
  Louise (Swamp:2)
  Aizul (Swamp:3)
  A very ugly thing (Swamp:3)
  A red draconian (Volcano)
  3 dire elephants (Lair:6)
  Snorg (D:10)
  2 fire dragons (D:15)
  Josephine (Lair:2)
  The ghost of will825x the Basher, a journeyman MiFi of Gozag (D:11)
  Erolcha (Orc:1)
  Harold (Orc:1)
  3 shambling mangroves
  20 hydras
  3 ghost crabs
  4 anacondas
  Erica (D:8)
  9 two-headed ogres
  2 ogre magi
  2 dancing weapons (D:13)
  A death yak (Lair:6)
  A centaur warrior (D:13)
  10 alligators
  2 naga sharpshooters
  5 tengu warriors
  2 shock serpents (Snake:2)
  Urug (Orc:1)
  5 orc high priests (Orc:2)
  2 spriggan druids
  A wizard (D:14)
  10 swamp dragons
  2 naga ritualists (Snake:1)
  An orange crystal statue (D:7)
  2 sea snakes (Snake:2)
  Pikel (D:4)
  10 orc knights
  2 cyclopes (D:13)
  3 manticores
  3 mana vipers
  4 oklob plants (Lair:6)
  2 ugly things
  A salamander (Snake:1)
  2 orc sorcerers (Orc:1)
  Maurice (Orc:2)
  15 elephants
  10 black mambas
  Joseph (D:7)
  The ghost of Pocketmage the Summoner, a novice TeSu of Hepliaklqana (D:7)
  A naga mage (Snake:2)
  2 guardian serpents (Snake:2)
  2 torpor snails (Lair:6)
  A gargoyle (D:12)
  3 centaur skeletons
  16 spiny frogs
  10 komodo dragons
  A kobold demonologist (D:14)
  3 rime drakes
  3 yaktaurs (D:13)
  2 tengu conjurers (D:15)
  3 meliai
  A polar bear (Lair:3)
  14 hornets
  3 trolls
  12 tyrant leeches
  9 bog bodies
  14 slime creatures
  11 hippogriffs
  26 blink frogs
  A tarantella (shapeshifter) (D:13)
  11 wraiths
  10 spriggans
  6 wyverns
  34 yaks
  2 centaur simulacra (D:11)
  4 shadows
  9 fire bats (Volcano)
  3 basilisks
  Grum (D:10)
  3 hungry ghosts
  29 vampire mosquitoes
  Edmund (D:5)
  7 insubstantial wisps (Swamp:2)
  9 nagas
  9 wargs
  An acid dragon (D:15)
  14 swamp worms
  Duvessa (D:6)
  15 water moccasins
  4 porcupines
  3 soldier ants
  18 swamp drakes
  3 slaves (D:4)
  34 orc warriors
  2 black bears
  A necrophage (D:7)
  5 ice beasts
  3 sky beasts (D:10)
  18 ogres
  A phantom (D:14)
  27 wolves
  7 centaurs
  15 crocodiles
  The ghost of voshxz the Magician, an amateur DESu (D:3)
  15 bullfrogs
  3 big kobolds
  An elf zombie (D:5)
  A gnoll sergeant (D:13)
  An elf skeleton (D:5)
  A wyvern skeleton (D:10)
  4 scorpions
  Dowan (D:6)
  6 wights
  An electric eel (D:8)
  5 howler monkeys
  6 lava snakes (Volcano)
  A bullfrog zombie (D:6)
  3 centaur zombies
  8 crimson imps
  9 hounds
  A human zombie (D:5)
  3 jellies
  A bullfrog skeleton (D:10)
  36 orc priests
  Crazy Yiuf (D:6)
  A gnoll shaman (D:9)
  2 human skeletons (D:5)
  11 worker ants
  5 iguanas
  23 orc wizards
  7 big kobold zombies (Ossuary)
  A hound zombie (D:10)
  A hound skeleton (D:4)
  A mummy (Ossuary)
  A worker ant zombie (D:11)
  2 howler monkey zombies
  2 howler monkey skeletons
  11 gnolls
  8 adders
  2 shadow imps
  3 white imps (D:11)
  A worker ant simulacrum (D:11)
  An ooze (D:8)
  4 worms
  A dart slug (D:2)
  An adder simulacrum (D:7)
  6 leopard geckos
  86 orcs
  4 spectral bats (Ossuary)
  4 giant cockroaches
  9 goblins
  6 hobgoblins
  9 jackals
  35 kobolds
  5 quokkas
  6 bats
  4 bat simulacra (Ossuary)
  3 frilled lizards
  5 gnoll zombies (Ossuary)
  3 goblin simulacra (Ossuary)
  5 goblin zombies (Ossuary)
  4 hobgoblin zombies (Ossuary)
  A jackal zombie (D:8)
  3 kobold simulacra (Ossuary)
  5 kobold zombies (Ossuary)
  A leopard gecko zombie (D:6)
  An orc skeleton (D:5)
  4 orc zombies (Ossuary)
  A quokka zombie (D:5)
  8 rats
  4 rat simulacra (Ossuary)
  4 spectral goblins (Ossuary)
  A spectral kobold (Ossuary)
  3 spectral rats (Ossuary)
  5 briar patches
  A bush (Lair:1)
  4 fungi (Lair:1)
  4 plants
1059 creatures vanquished.

Vanquished Creatures (others)
  Nessos (D:14)
  An alligator (Swamp:1)
  An unseen horror (D:15)
  2 cyclopes (D:15)
  2 hornets (Swamp:1)
  2 spriggans (Swamp:1)
  A swamp worm (Swamp:3)
  A swamp drake (Swamp:1)
  3 centaurs
  An orc wizard (Orc:1)
  A gnoll (D:13)
  2 orcs
  A quokka (D:8)
  2 briar patches
  4 fungi (Lair:6)
  2 plants
27 creatures vanquished.

Grand Total: 1086 creatures vanquished

Notes
Turn   | Place    | Note
-------+----------+-------------------------------------------
     0 | D:1      | Peloso the Minotaur Fighter began the quest for the Orb.
     0 | D:1      | Reached XP level 1. HP: 19/19 MP: 0/0
    97 | D:1      | Reached XP level 2. HP: 26/27 MP: 1/1
   314 | D:1      | Reached skill level 4 in Shields
   507 | D:1      | Reached XP level 3. HP: 33/33 MP: 2/2
  1244 | D:2      | Found a blossoming altar of Fedhas.
  1376 | D:2      | Reached XP level 4. HP: 40/40 MP: 3/3
  1930 | D:3      | You fall through a shaft for 2 floors!
  1930 | D:5      | Entered Level 5 of the Dungeon
  1930 | D:5      | Found a bloodstained altar of Trog.
  1964 | D:5      | Reached XP level 5. HP: 35/47 MP: 4/4
  1970 | D:5      | Found a sand-covered staircase.
  1979 | D:5      | Reached skill level 5 in Armour
  1979 | D:5      | Reached skill level 1 in Dodging
  1979 | D:5      | Reached skill level 5 in Shields
  1983 | Ossuary  | Entered an ossuary
  2320 | Ossuary  | Reached XP level 6. HP: 53/53 MP: 5/5
  2786 | Ossuary  | Reached skill level 5 in Long Blades
  3031 | D:5      | Noticed Edmund
  3048 | D:5      | Killed Edmund
  3048 | D:5      | Reached skill level 5 in Fighting
  3048 | D:5      | Reached XP level 7. HP: 26/61 MP: 6/6
  3159 | D:5      | Reached skill level 6 in Shields
  3501 | D:5      | Reached XP level 8. HP: 65/68 MP: 7/7
  4042 | D:4      | Noticed Pikel
  4117 | D:4      | Killed Pikel
  4117 | D:4      | Reached skill level 7 in Shields
  4364 | D:4      | Found a deep blue altar of Sif Muna.
  4505 | D:4      | Got an encrusted hand axe
  4506 | D:4      | Identified the cursed +0 hand axe of Breach {chop, rElec
                  | rC+} (You found it on level 4 of the Dungeon)
  5048 | D:3      | Found a runed translucent door.
  5054 | D:3      | Noticed voshxz's ghost (amateur DESu)
  5646 | D:3      | Killed voshxz's ghost
  5719 | D:6      | Reached XP level 9. HP: 75/75 MP: 8/8
  5960 | D:6      | Noticed Dowan
  5961 | D:6      | Noticed Duvessa
  5983 | D:6      | Killed Dowan
  6179 | D:6      | Killed Duvessa
  6179 | D:6      | Reached skill level 8 in Shields
  6186 | D:6      | Found a staircase to the Ecumenical Temple.
  6225 | Temple   | Entered the Ecumenical Temple
  6502 | D:6      | Found a runed translucent door.
  6503 | D:6      | Noticed Crazy Yiuf
  6513 | D:6      | Killed Crazy Yiuf
  7026 | D:7      | Found the +10 large shield of Ignorance {rN+ Int-4}
  7032 | D:7      | Found a runed translucent door.
  7033 | D:7      | Noticed an orange crystal statue
  7066 | D:7      | Reached skill level 10 in Long Blades
  7234 | D:7      | Found a transporter.
  7236 | D:7      | Noticed Pocketmage's ghost (novice TeSu)
  7699 | D:7      | Found a transporter.
  8145 | D:7      | Found a runed translucent door.
  8209 | D:7      | Noticed Joseph
  8220 | D:7      | Killed Joseph
  8220 | D:7      | Reached XP level 10. HP: 78/84 MP: 9/9
  8410 | D:8      | Found a staircase to the Lair.
  8452 | D:8      | HP: 2/86 [orc priest/divine providence (9)]
  8464 | D:8      | Noticed a two-headed ogre
  8711 | D:8      | Killed a two-headed ogre
  8711 | D:8      | Reached skill level 9 in Shields
  9131 | D:8      | Found an ornate altar of the Wu Jian Council.
  9132 | D:8      | Found an iron altar of Okawaru.
  9132 | D:8      | Found a glowing silver altar of Zin.
  9143 | D:8      | Found an ancient bone altar of Kikubaaqudgha.
  9144 | D:8      | Found a shattered altar of Ashenzari.
  9149 | D:8      | Became a worshipper of Warmaster Okawaru
  9251 | D:8      | Found a sparkling altar of Nemelex Xobeh.
  9314 | D:8      | Noticed Erica
  9334 | D:8      | Killed Erica
 10586 | D:9      | Reached * piety under Okawaru
 10593 | D:9      | Reached skill level 5 in Dodging
 10800 | D:9      | Reached ** piety under Okawaru
 10989 | D:9      | Reached XP level 11. HP: 95/95 MP: 10/10
 11110 | D:10     | Entered Level 10 of the Dungeon
 11233 | D:10     | Noticed a tengu warrior
 11241 | D:10     | Killed a tengu warrior
 11285 | D:10     | Reached skill level 10 in Shields
 11308 | D:10     | Noticed Snorg
 11326 | D:10     | Killed Snorg
 11326 | D:10     | Reached skill level 1 in Stealth
 11446 | D:10     | Noticed Gastronok
 11458 | D:10     | Noticed Grum
 11475 | D:10     | Killed Gastronok
 11475 | D:10     | Reached *** piety under Okawaru
 11475 | D:10     | Reached skill level 10 in Armour
 11483 | D:10     | Killed Grum
 11529 | D:10     | Reached **** piety under Okawaru
 11556 | D:10     | Noticed a two-headed ogre
 11561 | D:10     | Killed a two-headed ogre
 11561 | D:10     | Reached skill level 11 in Shields
 11988 | D:11     | Found a staircase to the Orcish Mines.
 11997 | D:11     | Noticed a cyan ugly thing
 12015 | D:11     | Killed a cyan ugly thing
 12043 | D:11     | Found a runed translucent gate.
 12043 | D:11     | Found a runed translucent gate.
 12043 | D:11     | Found a runed translucent gate.
 12087 | D:11     | Found a flagged portal.
 12096 | Bailey   | Entered a bailey
 12221 | Bailey   | Found a bloodstained altar of Trog.
 12579 | D:11     | Reached ***** piety under Okawaru
 12797 | D:11     | You fall through a shaft!
 12918 | D:11     | Noticed will825x's ghost (journeyman MiFi)
 13413 | D:11     | Reached XP level 12. HP: 105/105 MP: 8/11
 13432 | D:11     | Killed will825x's ghost
 13471 | D:11     | Got the ring "Nocheul" {Fire}
 13473 | D:11     | Identified the ring "Nocheul" {Fire Str-4 Slay+5} (You
                  | found it on level 11 of the Dungeon)
 13685 | D:7      | Killed Pocketmage's ghost
 13947 | D:7      | Reached skill level 1 in Invocations
 13948 | D:7      | Lost intelligence.
 14093 | Lair:1   | Entered Level 1 of the Lair of Beasts
 14214 | Lair:1   | Reached skill level 12 in Shields
 14396 | Lair:1   | Found a dark tunnel.
 14403 | Lair:1   | Reached skill level 10 in Fighting
 15253 | Lair:2   | Identified a scroll of acquirement
 15360 | Lair:2   | Noticed a six-headed hydra
 15366 | Lair:2   | Killed a three-headed hydra
 15459 | Lair:2   | Found a staircase to the Swamp.
 15469 | Lair:2   | Reached skill level 13 in Shields
 15992 | Lair:3   | Received a gift from Okawaru
 16020 | Lair:3   | Got a pair of spiked boots {god gift}
 16026 | Lair:3   | Identified the +0 pair of boots of Okawaru's Supremacy
                  | {rPois rCorr Str-2} (Okawaru gifted it to you on level 3 of
                  | the Lair of Beasts)
 16278 | Lair:3   | Found a staircase to the Snake Pit.
 16307 | Lair:3   | Reached XP level 13. HP: 78/116 MP: 10/13
 16666 | Lair:3   | Reached skill level 14 in Shields
 17166 | Lair:4   | Reached skill level 15 in Long Blades
 17844 | Lair:5   | Reached ****** piety under Okawaru
 18312 | Lair:6   | Entered Level 6 of the Lair of Beasts
 18346 | Lair:6   | Received a gift from Okawaru
 18705 | Lair:6   | Reached skill level 15 in Shields
 18993 | Lair:6   | Found a staircase to the Slime Pits.
 19528 | Lair:6   | Received a gift from Okawaru
 19530 | Lair:6   | Reached XP level 14. HP: 107/127 MP: 14/14
 21255 | D:12     | Reached skill level 1 in Evocations
 21575 | D:12     | You fall through a shaft for 3 floors!
 21575 | D:15     | Entered Level 15 of the Dungeon
 21807 | D:15     | Received a gift from Okawaru
 21808 | D:15     | Found the +6 shillelagh "Devastator" {shatter}
 21961 | D:15     | Reached skill level 16 in Shields
 22020 | D:14     | Noticed Nessos
 22030 | D:14     | Killed Nessos
 22344 | D:13     | Found a gate to the Vaults.
 22817 | D:13     | Received a gift from Okawaru
 22834 | D:13     | Got a warped scimitar {god gift}
 22835 | D:13     | Identified the +9 scimitar of Slow Death {venom, +Inv rF++
                  | Str+4} (Okawaru gifted it to you on level 13 of the
                  | Dungeon)
 23370 | D:13     | Found Kypiakhlif's Magic Scroll Emporium.
 23373 | D:13     | Bought a scroll of acquirement for 728 gold pieces
 23373 | D:13     | Bought a scroll of acquirement for 728 gold pieces
 23373 | D:13     | Bought a scroll of identify for 28 gold pieces
 24189 | D:14     | Noticed Frances
 24203 | D:14     | Killed Frances
 24599 | D:15     | Reached skill level 17 in Shields
 24621 | D:15     | Reached XP level 15. HP: 137/137 MP: 15/15
 24767 | D:15     | Received a gift from Okawaru
 25097 | D:15     | Found a staircase to the Depths.
 25319 | D:7      | Lost intelligence.
 26061 | Orc:1    | Entered Level 1 of the Orcish Mines
 26062 | Orc:1    | Noticed Harold
 26079 | Orc:1    | Killed Harold
 26093 | Orc:1    | Noticed Erolcha
 26101 | Orc:1    | Noticed Urug
 26103 | Orc:1    | Killed Erolcha
 26128 | Orc:1    | Killed Urug
 26654 | Orc:2    | Entered Level 2 of the Orcish Mines
 26714 | Orc:2    | Found Reev's Food Shop.
 26717 | Orc:2    | Found a dark tunnel.
 26725 | Volcano  | Entered a volcano
 27300 | Volcano  | Found a radiant altar of Vehumet.
 27746 | Orc:2    | Found a staircase to the Elven Halls.
 28750 | Orc:2    | Noticed Maurice
 28759 | Orc:2    | Killed Maurice
 28861 | Orc:2    | Gained mutation: You are dopey. (Int -2) [a neqoxec]
 29117 | Orc:2    | Received a gift from Okawaru
 29199 | Orc:2    | Reached skill level 18 in Shields
 29573 | Orc:2    | Gained mutation: You tend to lose your temper in combat. [a
                  | neqoxec]
 29575 | Orc:2    | Gained mutation: Your magical capacity is low. (-10% MP) [a
                  | neqoxec]
 29642 | Orc:2    | Found Liys's Gadget Emporium.
 29642 | Orc:2    | Found Xaenod's Armour Emporium.
 29643 | Orc:2    | Found Ruxoetaf's Magic Scroll Shoppe.
 29643 | Orc:2    | Found Xistroath's Jewellery Emporium.
 29655 | Orc:2    | Bought a scroll of amnesia for 45 gold pieces
 29655 | Orc:2    | Bought a scroll of identify for 26 gold pieces
 29655 | Orc:2    | Bought a scroll of identify for 26 gold pieces
 30581 | Swamp:1  | Entered Level 1 of the Swamp
 30581 | Swamp:1  | Noticed Donald
 30595 | Swamp:1  | Killed Donald
 30824 | Swamp:1  | Noticed Josephine
 31335 | Lair:2   | Received a gift from Okawaru
 32032 | Lair:2   | Killed Josephine
 32278 | Lair:2   | Reached skill level 15 in Armour
 32279 | Lair:2   | Reached XP level 16. HP: 32/147 MP: 15/15
 33020 | Swamp:1  | Found an ancient bone altar of Kikubaaqudgha.
 33787 | Swamp:2  | Reached skill level 19 in Shields
 33840 | Swamp:2  | Received a gift from Okawaru
 33858 | Swamp:2  | Got a warped scimitar {god gift}
 33859 | Swamp:2  | Identified the +9 scimitar of Truth {antimagic, rF+ Str+2}
                  | (Okawaru gifted it to you on level 2 of the Swamp)
 34545 | Swamp:3  | Noticed Louise
 34545 | Swamp:3  | Noticed a thorn hunter
 34566 | Swamp:2  | Killed a thorn hunter
 35186 | Swamp:3  | Reached skill level 15 in Fighting
 35201 | Swamp:2  | Killed Louise
 35340 | Swamp:3  | Noticed a thorn hunter
 35350 | Swamp:3  | Killed a thorn hunter
 35411 | Swamp:3  | Noticed Mara
 35637 | Swamp:3  | Received a gift from Okawaru
 35898 | Swamp:3  | Noticed Peloso's illusion
 35932 | Swamp:2  | Noticed Peloso's illusion
 36284 | Swamp:2  | Noticed Peloso's illusion
 36331 | Swamp:2  | Killed Mara
 36949 | Swamp:3  | Noticed Aizul
 36968 | Swamp:3  | Killed Aizul
 37228 | Swamp:3  | Reached skill level 20 in Shields
 37678 | Swamp:4  | Entered Level 4 of the Swamp
 37751 | Swamp:4  | Received a gift from Okawaru
 38075 | Swamp:4  | Reached XP level 17. HP: 144/156 MP: 14/16
 38079 | Swamp:4  | Received a gift from Okawaru
 38713 | Swamp:4  | Got a steaming mace
 38859 | Swamp:4  | Noticed the 27-headed Lernaean hydra
 38870 | Swamp:4  | Received a gift from Okawaru
 38871 | Swamp:4  | Got a bloodstained war axe {god gift}
 38880 | Swamp:4  | Killed the 21-headed Lernaean hydra
 39212 | Swamp:4  | Got a decaying rune of Zot
 39547 | Lair:1   | Lost mutation: You tend to lose your temper in combat.
                  | [potion of mutation]
 39547 | Lair:1   | Lost mutation: You are dopey. (Int -2) [potion of mutation]
 39547 | Lair:1   | Gained mutation: Your muscles are strong. (Str +2) [potion
                  | of mutation]
 39547 | Lair:1   | Gained mutation: You passively map a small area around you.
                  | [potion of mutation]
 39619 | Snake:1  | Entered Level 1 of the Snake Pit
 39858 | Snake:1  | Received a gift from Okawaru
 39862 | Snake:1  | Got an encrusted falchion {god gift}
 39863 | Snake:1  | Identified the +6 falchion of Heujuett {distort, rPois rN+
                  | Dex+2} (Okawaru gifted it to you on level 1 of the Snake
                  | Pit)
 39885 | Snake:1  | Gained mutation: You are frail. (-10% HP) [mutagenic glow]
 40123 | Snake:1  | Lost mutation: Your muscles are strong. (Str +2) [potion of
                  | mutation]
 40123 | Snake:1  | Lost mutation: You passively map a small area around you.
                  | [potion of mutation]
 40123 | Snake:1  | Lost mutation: You are frail. (-10% HP) [potion of
                  | mutation]
 40123 | Snake:1  | Lost mutation: Your magical capacity is low. (-10% MP)
                  | [potion of mutation]
 40123 | Snake:1  | Gained mutation: Your mind is acute. (Int +2) [potion of
                  | mutation]
 40123 | Snake:1  | Gained mutation: You are partially covered in large bone
                  | plates. (SH +4) [potion of mutation]
 40123 | Snake:1  | Gained mutation: You are resistant to hostile enchantments.
                  | (MR+) [potion of mutation]
 40123 | Snake:1  | Gained mutation: You are covered in fur. (AC +1) [potion of
                  | mutation]
 40309 | Snake:1  | Found Tiplihy's Jewellery Shop.
 40309 | Snake:1  | Found Fafeng's Gadget Boutique.
 40310 | Snake:1  | Found Mylewow's Assorted Antiques.
 40312 | Snake:1  | Found Kasizyutt's Distillery.
 40329 | Snake:1  | Bought a potion of mutation for 128 gold pieces
 40329 | Snake:1  | Bought a potion of heal wounds for 80 gold pieces
 40380 | Snake:1  | Got a jewelled chain mail
 40391 | Snake:1  | Identified the +1 chain mail of Coqer {rElec rPois Regen+
                  | Str+7} (You found it on level 1 of the Snake Pit)
 40414 | Snake:1  | Reached skill level 21 in Shields
 40977 | Snake:2  | HP: 1/158 [nagaraja/+0 halberd (23)]
 40978 | Snake:2  | Killed from afar by a nagaraja

Skill      XL: |  1  2  3  4  5  6  7  8  9 10 11 12 13 14 15 16 17 |
---------------+----------------------------------------------------+-----
Armour         | 4 5 6 7 9 10 11 12 13 15 16 | 16.0
Shields        | 4 5 6 7 8 9 11 13 15 17 18 20 21 | 21.2
Fighting       | 4 5 6 8 9 11 12 13 14 15 16 | 16.1
Long Blades    | 3 4 5 7 8 10 12 14 15 16 17 | 17.8
Dodging        | 1 2 4 5 6 7 |  7.1
Stealth        | 1 2 |  2.3
Invocations    | 1 2 |  2.6
Evocations     | 2 |  2.6

Action                   |  1- 3 |  4- 6 |  7- 9 | 10-12 | 13-15 | 16-18 || total
-------------------------+-------+-------+-------+-------+-------+-------++-------
Melee: Long sword        |   111 |   243 |   301 |    80 |       |       ||   735
       Headbutt          |    15 |    54 |    77 |   190 |   367 |   192 ||   895
       Scimitar          |       |       |       |   710 |  1315 |       ||  2025
       Double sword      |       |       |       |       |   113 |   764 ||   877
Invok: Heroism           |       |       |       |     7 |     7 |     7 ||    21
       Finesse           |       |       |       |     2 |     1 |     2 ||     5
Evoke: Wand              |       |       |       |       |    40 |     5 ||    45
  Use: Scroll            |     3 |     1 |     6 |    13 |    18 |     3 ||    44
       Potion            |       |       |     3 |     9 |     8 |     7 ||    27
 Stab: Confused          |       |       |       |       |       |     1 ||     1
  Eat: Chunk             |     1 |     3 |    13 |    16 |    50 |    11 ||    94
       Ration            |       |     1 |     1 |     3 |     4 |     5 ||    14
Armor: Scale mail        |    54 |    74 |    91 |    17 |       |       ||   236
       Chain mail        |       |       |       |    87 |       |    38 ||   125
       Plate armour      |       |       |       |   177 |   687 |   252 ||  1116
       Fire dragon scale |       |       |       |       |    20 |       ||    20
Dodge: Dodged            |    38 |    53 |    74 |   225 |   647 |   196 ||  1233
Block: Shield            |    77 |   103 |   164 |   453 |  1611 |   851 ||  3259
       Reflection        |       |       |       |       |    76 |    46 ||   122
       Rpst.: Long sword |     9 |    16 |    22 |     2 |       |       ||    49
       Scimitar          |       |       |       |    46 |    83 |       ||   129
       Double sword      |       |       |       |       |    16 |    36 ||    52
